 Dungeon Crawl Stone Soup version 0.27-a0-883-g39567a0c06 (webtiles) character file.

Game seed: 365518459786923687

514 Essalna the Magician (level 7, -3/49 HPs)
             Began as a Djinni Venom Mage on Apr 3, 2021.
             Was an Initiate of Makhleb.
             Slain by a wyvern zombie (13 damage)
             ... on level 5 of the Dungeon.
             The game lasted 00:10:30 (7041 turns).

Essalna the Magician (Djinni Venom Mage)            Turns: 7041, Time: 00:10:31

Health: -3/49      AC:  2    Str:  7    XL:     7   Next: 20%
Gold:   177        EV: 12    Int: 18    God:    Makhleb [......] SH:  0 Dex: 14

rFire    + + .     SeeInvis .   p - +5 mace (vorpal)
rCold    x . .     Faith    .   (no shield)
rNeg     . . .     Spirit   .   a - +0 robe
rPois    ∞         Reflect  .   (no helmet)
rElec    .         Harm     .   (no cloak)
rCorr    .         Rampage  .   (no gloves)
Will     .....                  (boots unavailable)
Stlth    ++........             (no amulet)
HPRegen  0.16/turn              (no ring)
MPRegen  0.00/turn              (no ring)

@: flying
A: fire resistance 2, cold vulnerability 1, float, innate caster, hp casting,
extra vitality 1, mutation resistance 1
a: Renounce Religion


You were on level 5 of the Dungeon.
You worshipped Makhleb.
Makhleb was noncommittal.
You visited 2 branches of the dungeon, and saw 6 of its levels.

You collected 177 gold pieces.

Inventory:

Hand Weapons
 b - a +0 dagger
 e - a +0 dagger of flaming
 i - a +2 dagger of distortion
 p - a +5 vorpal mace (weapon)
Armour
 a - a +0 robe (worn)
 l - a +0 helmet
Jewellery
 m - a ring of ice
Scrolls
 c - a scroll of fear {unknown}
 d - a scroll of blinking {unknown}
 f - a scroll of enchant armour {unknown}
 n - a scroll of holy word {unknown}
 o - 3 scrolls of identify {unknown}
 r - a scroll of magic mapping {unknown}
Potions
 g - 2 potions of attraction {unknown}
 h - 2 potions of cancellation {unknown}
 j - a potion of curing
 k - a potion of ambrosia {unknown}
 q - a potion of resistance {unknown}


   Skills:
 + Level 2.2 Fighting
 - Level 2.1 Dodging
 - Level 1.5 Stealth
 + Level 6.4 Spellcasting


You couldn't memorise any spells.
You knew the following spells:

 Your Spells              Type           Power      Damage    Failure   Level
a - Sting                 Tmut/Pois      100%       1d8       1%          1
b - Poisonous Vapours     Pois/Air       56%        N/A       1%          2
c - Mephitic Cloud        Conj/Pois/Air  28%        N/A       2%          3
d - Ignite Poison         Fire/Tmut/Pois 28%        N/A       2%          3
e - Olgreb's Toxic Radia  Pois           28%        N/A       9%          4
f - Animate Skeleton      Necr           56%        N/A       1%          1
g - Passwall              Tmut/Erth      23%        N/A       1%          2
h - Ozocubu's Armour      Ice            28%        N/A       2%          3
Your spell library was empty.

Dungeon Overview and Level Annotations

Branches:
Dungeon (5/15)             Temple (1/1) D:4

Altars:
Dithmenos
Elyvilon
Fedhas
Hepliaklqana
Kikubaaqudgha
Makhleb
Nemelex Xobeh
Qazlal
Trog
Uskayaw
Yredelemnul

Annotations:
D:3 1 runed translucent door, hemabe71's ghost, amateur HuAr


Innate Abilities, Weirdness & Mutations

You are immune to poison.
Your flesh is very heat resistant. (rF++)
You are vulnerable to cold. (rC-)
You float through the air rather than walking.
You learn spells naturally, not from books.
Your magical power is your life essence.
You have superior vitality. (+4 HP)
You are somewhat resistant to further mutation.


Message History

The hound looks even sicker.
The wyvern zombie barely misses you. The wyvern zombie closely misses you.
Casting: Poisonous Vapours (safe; 1% risk of failure)
Confirm with . or Enter, or press ? or * to list all spells.
Aiming: Sting (safe; 1% risk of failure)
Press: ? - help, Shift-Dir - straight line, f/p - hound
Aim: a hound (severely wounded, very poisoned, 31% to evade)
Okay, then.
Unknown command.
You barely miss the wyvern zombie. The wyvern zombie bites you!
The hound bites you.
Casting: Sting (safe; 1% risk of failure)
Confirm with . or Enter, or press ? or * to list all spells.
Aiming: Sting (safe; 1% risk of failure)
Press: ? - help, Shift-Dir - straight line, f/p - hound
Aim: a hound (severely wounded, very poisoned, 31% to evade)
The sting misses the hound.
The wyvern zombie bites you. The hound bites you. The wyvern zombie bites you!
* * * LOW HITPOINT WARNING * * *
Casting: Sting (safe; 1% risk of failure)
Confirm with . or Enter, or press ? or * to list all spells.
Aiming: Sting (safe; 1% risk of failure)
Press: ? - help, Shift-Dir - straight line, f/p - hound
Aim: a hound (severely wounded, very poisoned, 31% to evade)
The sting misses the hound.
* * * LOW HITPOINT WARNING * * *
The hound closely misses you. The wyvern zombie bites you.
* * * LOW HITPOINT WARNING * * *
The hound barely misses you.
Casting: Sting (safe; 1% risk of failure)
Confirm with . or Enter, or press ? or * to list all spells.
You don't have enough health to cast this spell.
Unknown command.
Unknown command.
It was a potion of curing.
You feel better. The hound closely misses you. The wyvern zombie misses you.
You feel better. The hound closely misses you. The wyvern zombie bites you.
* * * LOW HITPOINT WARNING * * *
The hound closely misses you. The wyvern zombie bites you!
You die...

### ...
..#
#######.#
.[......#
#..Z.#
#..h@#
#....###
#.#. ..
#. #


You could see a hound (poisoned) and a wyvern zombie.

Vanquished Creatures
  Sigmund (D:3)
  A howler monkey (D:4)
  A centaur skeleton (D:5)
  An orc priest (D:3)
  A scorpion zombie (D:5)
  Robin (D:3)
  6 gnolls
  6 adders
  8 worms
  8 orcs
  6 bats
  2 endoplasms
  2 giant cockroaches (D:1)
  10 goblins
  8 hobgoblins
  10 jackals (D:1)
  A quokka (D:2)
  6 ball pythons
  3 frilled lizards
  11 kobolds
  8 rats
101 creatures vanquished.

Vanquished Creatures (others)
  3 plants (D:4)
3 creatures vanquished.

Grand Total: 104 creatures vanquished

Notes
Turn   | Place    | Note
-------+----------+-------------------------------------------
     0 | D:1      | Essalna the Djinni Venom Mage began the quest for the Orb.
     0 | D:1      | Reached XP level 1. HP: 15/15 MP: 0/0
   150 | D:1      | Reached skill level 3 in Spellcasting
   191 | D:1      | Reached XP level 2. HP: 18/21 MP: 0/0
   808 | D:1      | Reached XP level 3. HP: 20/25 MP: 0/0
   808 | D:1      | Learned a level 1 spell: Animate Skeleton
   927 | D:1      | Found a faded altar of an unknown god.
  1723 | D:2      | Reached skill level 4 in Spellcasting
  1808 | D:2      | Reached XP level 4. HP: 26/31 MP: 0/0
  3575 | D:3      | Reached XP level 5. HP: 28/35 MP: 0/0
  3575 | D:3      | Learned a level 2 spell: Passwall
  3750 | D:3      | Reached skill level 5 in Spellcasting
  3947 | D:3      | Found a shadowy altar of Dithmenos.
  4367 | D:3      | Noticed Sigmund
  4376 | D:3      | Killed Sigmund
  4377 | D:3      | Reached skill level 6 in Spellcasting
  4377 | D:3      | Reached XP level 6. HP: 18/40 MP: 0/0
  4639 | D:3      | Noticed Robin
  4643 | D:3      | Killed Robin
  4872 | D:3      | Found a runed translucent door.
  4877 | D:3      | Noticed hemabe71's ghost (amateur HuAr)
  5215 | D:4      | Reached skill level 1 in Fighting
  5535 | D:4      | Gained mutation: You are somewhat resistant to further
                  | mutation. [mutagenic glow]
  5728 | D:4      | Found a staircase to the Ecumenical Temple.
  5747 | Temple   | Entered the Ecumenical Temple
  5846 | Temple   | Became a worshipper of Makhleb the Destroyer
  6123 | D:5      | Entered Level 5 of the Dungeon
  6253 | D:5      | Noticed a water moccasin
  6294 | D:5      | Reached XP level 7. HP: 32/48 MP: 0/0
  6294 | D:5      | Learned a level 3 spell: Ozocubu's Armour
  7039 | D:5      | HP: 1/49 [wyvern zombie (2)]
  7041 | D:5      | Slain by a wyvern zombie

Illustrated notes

Levels and vault maps discovered:
D:1:      dpeg_arrival_rooms_a, layout_loops_ring,
          shapermc_ecumenical_altar_venn
D:2:      layout_basic
D:3:      layout_basic, nicolae_dithmenos_the_darkroom,
          ebering_ghost_reflecting_pool, uniq_robin, uniq_sigmund
D:4:      layout_rooms, minmay_temple_entry_gardened_gates
D:5:      layout_basic, lemuel_doored_altar, uniq_grinder
Temple:   regret_index_temple_generic_petals

Skill      XL: |  1  2  3  4  5  6  7 |
---------------+----------------------+-----
Spellcasting   | 3 4 6 |  6.4
Fighting       | 1 2 |  2.2
Dodging        | |  2.1
Stealth        | |  1.5

Action                   |  1- 3 |  4- 6 |  7- 9 || total
-------------------------+-------+-------+-------++-------
Melee: Dagger            |    24 |     4 |       ||    28
       Mace              |       |       |    18 ||    18
 Cast: Sting             |    55 |    30 |    12 ||    97
       Poisonous Vapours |     2 |   104 |     2 ||   108
       Olgreb's Toxic Ra |       |     2 |       ||     2
       Ignite Poison     |       |     2 |       ||     2
  Use: Potion            |       |       |     2 ||     2
Armor: Robe              |     8 |     2 |     8 ||    18
Dodge: Dodged            |    47 |    11 |    23 ||    81

Table legend: (Time is in decaauts)
 A = Elapsed time spent in this place.
 B = Non-inter-level travel time spent in this place.
 C = Inter-level travel time spent in this place.
 D = Time resting spent in this place.
 E = Time spent auto-exploring this place.
 F = Levels seen in this place.
 G = Mean time per level.
                   A        B        C        D        E       F      G
               +--------+--------+--------+--------+--------+-----+--------+
         Total |   7049 |   6916 |    133 |    506 |   5821 |   6 | 1174.8 |
       Dungeon |   6908 |   6819 |     89 |    506 |   5728 |   5 | 1381.6 |
        Temple |    140 |     96 |     44 |      0 |     93 |   1 |  140.0 |
               +--------+--------+--------+--------+--------+-----+--------+

Top non-repeatable levels by time:
     D:2: 1953 daAuts
     D:1: 1611 daAuts
     D:3: 1537 daAuts
     D:4: 1430 daAuts
     D:5: 375 daAuts
  Temple: 140 daAuts
